Unix NetHack Version 5.0.0-0 post-release - last build May 23 2026 06:08:33 (1c0ff79ee797540d5714e4e18072db0edd9e58ae,branch:main).

Game began 2026-05-27 00:57:19, ended 2026-05-27 01:42:52.

FalseGod, chaotic male elven Wizard

                      ------
                     #.....|                    ##    -----
   -------           #|.....%                    #    |...|
   |.....|           #.....|#      --------------#    |...|
   |....<|           #------#      |............|[    |...|
   |.....-#          ###  # ##     |.......>....|#    |...|
   -------#          # #  ####    #-.......``....###  -...|
          #          # #     ##   #--------------#    |...-#
          #          # #     #### #              #    ---.-#
          #          ###     #  # ##             #       # ###   --------
          ##          ###    #  ## #             #       #   #   |.%(.*+|
           #          ###    #   # ##            #       #   #   |..[...|
           #------------#    #   #  #            #       #   #   |.)!()*|
           #|..........|#    ### #  #            #       #   ####|.?!.[!|
           #-..........-#      # #  ##           #  -----.---   #|[/[%.?|
            |..........|       #-.---#           ###|.{.....|   #-.).*.!|
            |..........|       #....|#             #........|    --------
            ------------        |...-#              |.....f@|
                                -----               ---------

FalseGod the Conjurer     St:11 Dx:18 Co:14 In:19 Wi:9 Ch:13  Chaotic
Dlvl:3  $:54 HP:0(23) Pw:25(33) AC:7  Xp:4 T:1735  FoodPois

Latest messages:
 Your stomach feels content.
 You hear someone cursing shoplifters.
 You descend the stairs.
 There is a branch staircase up to the Dungeons of Doom here.
 You see here a dart.
 The gnome hits!
 The gnome picks up a hooded cloak.
 You kill the gnome!
 Welcome to experience level 4.
 You feel awake!
 The gnome hits!
 You kill the gnome!
 In what direction? l
 The spell hits the gnome lord!
 You kill the gnome lord!
 In what direction? l
 The spell hits the gnome!
 You kill the gnome!
 You see here a gnome corpse.
 There is a gnome corpse here; eat it? [ynq] (n) y
 Ulch - that meat was tainted!
 You feel deathly sick.
 (It must have died too long ago to be safe to eat.)
 There are several objects here.
 G - a hooded cloak.
 H - a tin.
 There is a branch staircase up to the Dungeons of Doom here.
 You see here a dart.
 Your sickness feels worse.
 You climb up the stairs.
 You remember this level as giant mimic.
 What do you want to drink? [f-hps-uD or ?*] ~
 You don't have that object.
 What do you want to drink? [f-hps-uD or ?*] <esc>
 Never mind.
 What do you want to drink? [f-hps-uD or ?*] ?
 Wow!  This makes you feel better!
 Your sickness is severe.
 What do you want to drink? [f-hps-u or ?*] ?
 You are suddenly moving much faster.
 Your quickness feels very natural.
 Are you sure you want to pray? [yn] (n) y
 You begin praying to Anhur.
 You are at Death's door.
 You die from your illness.
 Do you want your possessions identified? [ynq] (y) y
 Do you want to see your attributes? [ynq] (y) y
 Do you want an account of creatures vanquished? [ynaq] (y) y
 Do you want to see your conduct and achievements? [ynq] (y) y
 Do you want to see the dungeon overview? [ynq] (y) y

Inventory:
 Coins    ('$')
  $ - 54 gold pieces
 Weapons  (')')
  F - a +0 aklys
  q - a cursed rustproof +0 long sword
  a - a blessed +1 quarterstaff (weapon in hands)
 Armor    ('[')
  E - an uncursed +0 pair of iron shoes (being worn)
  b - an uncursed +0 cloak of magic resistance (being worn)
  G - an uncursed +0 dwarvish cloak
 Comestibles  ('%')
  H - an uncursed tin of broiled kobold meat
 Scrolls  ('?')
  k - an uncursed scroll of enchant armor
  i - an uncursed scroll of magic mapping
  j - an uncursed scroll of remove curse
 Spellbooks  ('+')
  l - a blessed spellbook of force bolt
  m - a blessed spellbook of sleep
 Potions  ('!')
  u - a cursed potion of gain energy
  p - an uncursed potion of healing
  f - an uncursed potion of invisibility
  g - an uncursed potion of polymorph
  s - an uncursed potion of sickness
  h - an uncursed potion of sleeping
 Rings    ('=')
  e - an uncursed +1 ring of adornment
  d - an uncursed ring of searching
 Wands    ('/')
  c - a wand of light (0:11)
  y - a wand of polymorph (0:3)
  r - a wand of slow monster (0:3)
 Tools    ('(')
  o - an uncursed bell
  n - a magic marker (0:19)
 Gems/Stones  ('*')
  v - an uncursed worthless piece of white glass

FalseGod the Wizard's attributes:

Background:
 You were a Conjurer, a level 4 male elven Wizard.
 You were chaotic, on a mission for Anhur
 who was opposed by Ptah (lawful) and Thoth (neutral).
 You were right-handed.
 You were in the Dungeons of Doom, on level 3.
 You entered the dungeon 1735 turns ago.
 It was nighttime.
 You had 115 experience points, 45 more were needed to attain level 5.

Basics:
 You had 0 out of 23 hit points.
 You had 25 out of 33 energy points (spell power).
 Your armor class was 7.
 Your wallet contained 54 zorkmids.
 Autopickup was off.

Final Characteristics:
 Your strength was 11 (limit:18).
 Your dexterity was 18 (limit:18).
 Your constitution was 14 (limit:16).
 Your intelligence was 19 (limit:20).
 Your wisdom was 9 (limit:20).
 Your charisma was 13 (limit:18).

Final Status:
 You died from food poisoning.
 You weren't hungry.
 You were unencumbered.
 You were wielding a quarterstaff.
 You had basic skill with quarterstaff.

Final Attributes:
 You were devoutly aligned.
 You were magic-protected.
 You were sleep resistant.
 You had infravision.
 You were warded.
 You were very fast.
 You are dead.

Miscellaneous:
 You didn't encounter any bones levels.
 Total elapsed playing time was 45 minutes and 32 seconds.

Major events:
 Turn
    1: FalseGod the chaotic male elven Wizard entered the dungeon
  934: attained the rank of Conjurer (level 3)
 1505: entered the Gnomish Mines
 1735: poisoned by a rotted gnome corpse, while praying

Spells:
 Name                 Level Category     Fail Retention
 force bolt             1   attack         0%  91%-100%
 sleep                  3   enchantment    0%  91%-100%

Skills:
 Fighting Skills
   bare handed combat [Unskilled]
   riding             [Unskilled]
 Weapon Skills
   dagger             [Unskilled]
   knife              [Unskilled]
   axe                [Unskilled]
   short sword        [Unskilled]
   club               [Unskilled]
   mace               [Unskilled]
   quarterstaff       [Basic]
   polearms           [Unskilled]
   spear              [Unskilled]
   trident            [Unskilled]
   sling              [Unskilled]
   dart               [Unskilled]
   shuriken           [Unskilled]
 Spellcasting Skills
   attack spells      [Basic]
   healing spells     [Unskilled]
   divination spells  [Unskilled]
   enchantment spells [Basic]
   clerical spells    [Unskilled]
   escape spells      [Unskilled]
   matter spells      [Unskilled]

Voluntary challenges:
 Character rerolling was not enabled.
 You never genocided any monsters.
 You never polymorphed an object.
 You never changed form.
 You used no wishes.
Achievements:
 You attained the rank of Conjurer.
 You entered a shop.
 You entered the Gnomish Mines.

 The Dungeons of Doom: levels 1 to 3
    Level 1:
       A sink.
    Level 2:
       A fountain, a grave.
    Level 3: "giant mimic" <- You were here.
       A general store, a fountain.
       Stairs down to The Gnomish Mines.
       Final resting place for
          you, poisoned by a rotted gnome corpse, while praying.
 The Gnomish Mines:
    Level 4:


Vanquished creatures:
  a shrieker
  a gnome leader
  a dwarf
  a kobold leader
  2 acid blobs
  a gas spore
  a large kobold
  a giant rat
  a brown mold
  a yellow mold
  5 gnomes
  a gecko
  a fox
  2 grid bugs
  4 lichens
  a kobold zombie
  4 newts
29 creatures vanquished.

No species were genocided or became extinct.

Game over:
                       ----------
                      /          \
                     /    REST    \
                    /      IN      \
                   /     PEACE      \
                  /                  \
                  |     FalseGod     |
                  |      54 Au       |
                  |  poisoned by a   |
                  |   rotted gnome   |
                  |      corpse      |
                  |                  |
                  |       2026       |
                 *|     *  *  *      | *
        _________)/\\_//(\/(/\)/\//\/|_)_______

Goodbye FalseGod the Wizard...

You were poisoned in The Dungeons of Doom on dungeon level 3 with 679 points,
and 54 pieces of gold, after 1735 moves.
You were level 4 with a maximum of 23 hit points when you were poisoned.

